 Dungeon Crawl Stone Soup version 0.23-a0-767-gdc19b93 (webtiles) character file.

79738 Firecrotchwizard the Fencer (level 15, -7/141 HPs)
             Began as a Minotaur Berserker on Jan 18, 2019.
             Was a High Priest of Trog.
             Mangled by a sun demon (13 damage)
             ... summoned by an orc sorcerer
             ... on level 2 of the Orcish Mines on Jan 19, 2019.
             The game lasted 00:59:42 (24320 turns).

Firecrotchwizard the Fencer (Minotaur Berserker)   Turns: 24320, Time: 00:59:43

Health: -7/141     AC: 25    Str: 24    XL:     15   Next: 21%
Magic:  23/23      EV: 17    Int: 10    God:    Trog [*****.]
Gold:   1826       SH:  0    Dex: 21    Spells: 14/14 levels left

rFire    . . .     SeeInvis .   k - +8 triple sword (vamp) {!w}
rCold    + . .     Gourm    .   (shield currently unavailable)
rNeg     . . .     Faith    .   F - +4 chain mail {rC+}
rPois    .         Spirit   .   (helmet restricted)
rElec    .         Reflect  .   M - +0 cloak of Xasoe {MR+ Dex+4}
rCorr    .         Harm     .   Z - +2 pair of gloves
MR       ++++.                  B - +2 pair of boots
Stlth    ..........             W - amulet of Ilimehole {Acrobat MP+9 Int+4}
HPRegen  1.33/turn              V - ring of Hepliaklqana's Delight {+Fly Int+3 Dex+5 Stlth-}
MPRegen  0.18/turn              s - ring of Teulust {Int-3 Slay+3} (curse)

@: regenerating, drained
A: retaliatory headbutt, horns 2, MP-powered wands
a: Berserk, Trog's Hand, Brothers in Arms, Renounce Religion, Evoke Flight


You were on level 2 of the Orcish Mines.
You worshipped Trog.
Trog was extremely pleased with you.
You were hungry.

You visited 3 branches of the dungeon, and saw 22 of its levels.
You also visited: Ossuary, Gauntlet and Ice Cave.

You collected 2015 gold pieces.
You spent 189 gold pieces at shops.

Inventory:

Hand Weapons
 k - a +8 vampiric triple sword (weapon) {!w}
   (Trog gifted it to you on level 4 of the Lair of Beasts)
 H - a +3 great sword of holy wrath
   (Trog gifted it to you on level 14 of the Dungeon)
 L - a +0 blowgun
   (You took it off Sonja on level 1 of the Lair of Beasts)
Missiles
 e - a throwing net {=f, !d}
 K - 9 curare-tipped needles
 R - 3 needles of frenzy
Armour
 x - a +1 cloak of invisibility
   (You found it on level 4 of the Lair of Beasts)
 B - a +2 pair of boots (worn)
   (You found it on level 6 of the Dungeon)
 F - a +4 chain mail of cold resistance (worn)
   (You took it off an orc on level 6 of the Dungeon)
 M - the +0 cloak of Xasoe (worn) {MR+ Dex+4}
   (You found it on level 1 of the Lair of Beasts)

   It affects your dexterity (+4).
   It affects your resistance to hostile enchantments.
 Z - a +2 pair of gloves (worn)
   (You found it on level 12 of the Dungeon)
Jewellery
 p - the ring "Giffewa" {Str+3 Dex+4 Stlth+}
   (You found it in a Gauntlet)

   [ring of strength]

   It affects your strength (+3).
   It affects your dexterity (+4).
   It makes you more stealthy.
 s - the cursed ring of Teulust (right hand) {Int-3 Slay+3}
   (You found it in an ice cave)

   [ring of intelligence]

   It affects your intelligence (-3).
   It affects your accuracy and damage with ranged weapons and melee attacks
   (+3).
   It has a curse placed upon it.
 t - a +2 ring of evasion
   (You found it on level 4 of the Lair of Beasts)
 y - an uncursed amulet of regeneration {+regen, !d}
   (You found it on level 10 of the Dungeon)
 C - an uncursed ring of positive energy {rN+}
   (You found it on level 5 of the Dungeon)
 O - an uncursed ring of protection from fire {rF+, !d}
   (You found it on level 3 of the Lair of Beasts)
 T - an uncursed ring of fire {rF+, rC-}
   (You found it on level 3 of the Lair of Beasts)
 V - the ring of Hepliaklqana's Delight (left hand) {+Fly Int+3 Dex+5 Stlth-}
   (You found it in a Gauntlet)

   [ring of intelligence]

   It affects your intelligence (+3).
   It affects your dexterity (+5).
   It lets you fly.
   It makes you less stealthy.
 W - the amulet of Ilimehole (around neck) {Acrobat MP+9 Int+4}
   (You found it on level 11 of the Dungeon)

   [amulet of the acrobat]

   It helps you evade while moving and waiting.
   It affects your intelligence (+4).
   It affects your magic capacity (+9).
Wands
 q - a wand of digging (9)
   (You took it off Ijyb on level 5 of the Dungeon)
 E - a wand of iceblast (3)
   (You found it on level 9 of the Dungeon)
 I - a wand of acid (7)
   (You found it on level 8 of the Dungeon)
 X - a wand of enslavement (10)
   (You found it on level 11 of the Dungeon)
Scrolls
 f - 2 scrolls of identify
 g - 2 scrolls of torment {!r}
 h - 13 scrolls of remove curse
 i - a scroll of immolation {!r}
 n - 8 scrolls of fear
 A - 2 scrolls of magic mapping {!r}
 N - 6 scrolls of teleportation
 P - 4 scrolls of fog
 Q - a scroll of enchant armour
 Y - a scroll of vulnerability {!r!r}
Potions
 a - 2 potions of cancellation
 b - 9 potions of curing
 j - 2 potions of ambrosia
 l - 3 potions of heal wounds
 o - 3 potions of haste
 r - a potion of agility
 u - 2 potions of invisibility
 v - 6 potions of flight
 w - 2 potions of mutation {!q}
 z - 7 potions of brilliance
 D - 3 potions of resistance
 S - 2 potions of berserk rage {!q}
Miscellaneous
 d - a lightning rod (4/4)
   (You found it on level 11 of the Dungeon)
 m - a phial of floods
   (You found it on level 11 of the Dungeon)
 G - a lamp of fire
   (You found it in a Gauntlet)
 U - a phantom mirror
Comestibles
 c - 19 rations
 J - 19 chunks of flesh {@w0}


   Skills:
 + Level 15.1(14.3) Fighting
 * Level 19.9(19.1) Long Blades
 - Level 13.7(12.9) Armour
 - Level 12.3(11.6) Dodging
   Level 3.6(3.0) Shields


You had 14 spell levels left.
You didn't know any spells.
Your spell library was empty.

Dungeon Overview and Level Annotations

Branches:
Dungeon (14/15)            Temple (0/1) D:5            Lair (6/6) D:8
 Shoals (0/4) Lair:3       Spider (0/4) Lair:4        Slime (0/5) Lair:5
    Orc (2/2) D:11         Vaults (0/5) D:13
    Elf: Orc:2

Altars:
Ashenzari
Cheibriados
Fedhas
Gozag
Kikubaaqudgha
Nemelex Xobeh
Qazlal
Sif Muna
Vehumet
Wu Jian
Xom
Yredelemnul
Zin
The Shining One
Beogh
Jiyva

Shops:
D:4 %   D:6 (   D:9 (   D:12 %   Orc:2 %

Annotations:
D:6 2 transporters, exclusion: oklob plant, SkeletonJelly's ghost, novice DDFi
D:12 3 runed doors, Foxy's ghost, journeyman DsFi


Innate Abilities, Weirdness & Mutations

You reflexively headbutt those who attack you in melee.
You have a pair of horns on your head.
You expend magic power (3 MP) to strengthen your wands.


Message History

You take 4 damage, and have 137/141 hp.
You closely miss the orc warrior. You headbutt the orc warrior!
The orc sorcerer hits you but does no damage.
The orc warrior closely misses you. You furiously retaliate!
You headbutt the orc warrior.
Your chain mail prevents you from hitting the orc warrior.
You headbutt the orc warrior.
You kill the orc warrior!
Trog accepts your kill. The orc sorcerer completely misses you.
You furiously retaliate!
You headbutt the orc sorcerer.
The hellwing hits you but does no damage.
The hellwing hits you. The orc hits you but does no damage.
You take 3 damage, and have 134/141 hp.
The orc sorcerer mumbles some strange words.
The orc sorcerer gestures at you while chanting.
The bolt of fire misses you. The hellwing completely misses you. x2
You hit the orc sorcerer but do no damage.
The orc sorcerer casts a spell.
The orc sorcerer completely misses you. You furiously retaliate!
You headbutt the orc sorcerer! The ogre misses you. The hellwing misses you.
The hellwing closely misses you.
You barely miss the orc sorcerer.
You headbutt the orc sorcerer, but do no damage.
The orc barely misses you.
The orc sorcerer hits you but does no damage.
The hellwing barely misses you. You furiously retaliate!
You headbutt the hellwing, but do no damage.
The hellwing barely misses you. The ogre closely misses you.
You furiously retaliate!
You headbutt the ogre!! You dice the ogre like an onion!!!
You feel better.
You kill the ogre!
Trog accepts your kill. The orc completely misses you. You furiously retaliate!
You headbutt the orc.
The orc sorcerer casts a spell.
The hellwing hits you but does no damage. x2
You regained 4 hp, and now have 139/141 hp.
You slash the orc sorcerer! The orc hits you but does no damage.
The orc sorcerer points at you and mumbles some strange words.
The bolt of negative energy misses you. The hellwing closely misses you.
You furiously retaliate!
You headbutt the hellwing, but do no damage.
You riposte.
You barely miss the hellwing. The hellwing barely misses you.
You closely miss the orc sorcerer. You headbutt the orc sorcerer.
The orc hits you but does no damage.
An orc comes into view. It is wielding a +0 hand axe.
An orc comes into view. It is wielding a +0 club.
The orc sorcerer shouts, "You are history!"
The orc sorcerer gestures at you while chanting.
You suddenly lose the ability to move!
The hellwing hits you but does no damage. x2
The orc shouts! x2
The orc hits you but does no damage.
The orc sorcerer mumbles some strange words.
The sun demon hits you but does no damage.
The hellwing hits you but does no damage.
The hellwing hits you.
The neqoxec hits you but does no damage.
The sun demon hits you!
You are engulfed in flames!
The orc sorcerer hits you but does no damage.
The hellwing hits you but does no damage. x2
The soul eater draws from the surrounding life force!
The neqoxec gestures.
The sun demon hits you but does no damage.
The orc sorcerer casts a spell at you. You resist with almost no effort.
The hellwing hits you!
The hellwing hits you but does no damage.
The neqoxec gestures at you.
Strange energies course through your body.
You feel your magical essence link to your wands.
The ice devil hits you but does no damage.
The sun demon hits you!!
You are engulfed in flames!
The orc sorcerer casts a spell at you. The bolt of fire hits you!
The hellwing hits you but does no damage. x2
The sun demon barely misses you.
The neqoxec hits you but does no damage.
The ice devil barely misses you. The orc sorcerer casts a spell at you.
The bolt of negative energy hits the soul eater.
The soul eater completely resists.
The bolt of negative energy hits you!
You feel drained.
* * * LOW HITPOINT WARNING * * *
The orc sorcerer points at you and mumbles some strange words.
The bolt of fire hits you!
* * * LOW HITPOINT WARNING * * *
You can move again.
You take 133 damage, and have 6/141 hp.
MASSIVE DAMAGE!!
Your skin crawls.
You feel resistant to hostile enchantments.
You are feeling hungry.
The sun demon barely misses you. You furiously retaliate!
You headbutt the sun demon. The neqoxec closely misses you.
The ice devil hits you but does no damage.
The orc sorcerer hits you but does no damage.
The sun demon hits you.
* * * LOW HITPOINT WARNING * * *
You are engulfed in flames!
You die...

...##$##.......
....#.#........
#.......#.....
#......$.#.#..
###....5........
####.....4o5....#
##.#......33o4...#..
##...# #....@3o......
##....#####...4o......
.###.#....# #....o.......
..........####)##........
..........##.()......∩..#
....#.......<)).........#
.....#.#.....)..........#
..#..##....$........#...#
................#.......


You could see a soul eater, a sun demon, a hellwing, an ice devil, a neqoxec, a
chaos spawn, 2 orc sorcerers, an iron imp, 3 orcs and an ufetubus.

Vanquished Creatures
  A fire giant (D:11)
  A frost giant (D:11)
  An ettin (D:13)
  A fire dragon (Lair:6)
  A yaktaur captain (D:11)
  A deep elf high priest (D:11)
  2 hydras
  A vault guard (D:13)
  An ice dragon (D:13)
  A hell beast (Gauntlet)
  3 death yaks (Lair:4)
  4 two-headed ogres
  A deep troll earth mage (D:11)
  4 unseen horrors
  A wizard (D:14)
  A swamp dragon (Lair:6)
  3 harpies (D:14)
  2 large abominations (Gauntlet)
  An orc knight (D:14)
  A wolf spider (Lair:6)
  2 orc sorcerers
  2 deep elf magi
  9 ugly things
  2 cyclopes (D:14)
  7 elephants
  A mana viper (shapeshifter) (D:11)
  A manticore (Lair:2)
  9 black mambas
  A guardian serpent (Lair:6)
  15 spiny frogs
  2 ice statues (IceCv)
  5 kobold demonologists
  A minotaur zombie (Gauntlet)
  2 gargoyles
  A komodo dragon (shapeshifter) (D:13)
  5 komodo dragons
  3 rime drakes
  A redback zombie (D:13)
  An ice devil (Gauntlet)
  4 trolls
  2 queen bees
  14 blink frogs
  4 hornets
  13 hippogriffs
  A hippogriff (shapeshifter) (D:14)
  A slime creature (D:11)
  A shadow (D:13)
  6 redbacks
  A spriggan (shapeshifter) (D:13)
  6 small abominations (Gauntlet)
  25 yaks
  A hog (shapeshifter) (D:13)
  2 wraiths (D:14)
  4 basilisks
  7 wyverns
  2 hungry ghosts
  5 steam dragons
  3 acid dragons
  4 wargs
  23 water moccasins
  2 hell hounds (Gauntlet)
  13 porcupines
  15 orc warriors
  A swamp drake (Lair:6)
  7 ice beasts
  5 sky beasts
  A black bear (Lair:1)
  2 necrophages
  A hornet zombie (D:14)
  9 ogres
  2 phantoms
  16 wolves
  10 centaurs
  10 crocodiles
  6 big kobolds
  16 bullfrogs
  4 scorpions
  45 killer bees
  3 howler monkeys (D:9)
  13 wights
  5 crimson imps
  6 centaur zombies
  A quasit (D:11)
  4 jellies
  19 orc wizards
  3 centaur skeletons
  A bullfrog skeleton (D:6)
  12 orc priests
  6 hounds
  Ijyb (D:5)
  Natasha (thrice) (D:4)
  6 iguanas
  7 hell rats (Lair:6)
  9 worker ants
  A killer bee zombie (D:8)
  An ogre zombie (Ossuary)
  A big kobold zombie (Ossuary)
  2 hound zombies
  7 mummies
  A howler monkey skeleton (D:8)
  A howler monkey zombie (D:5)
  3 worker ant zombies
  7 gnolls
  A river rat (D:4)
  13 adders
  8 shadow imps
  15 white imps
  An ooze (D:1)
  An adder zombie (Ossuary)
  4 adder skeletons
  2 dart slugs
  6 worms
  7 leopard geckos
  113 orcs
  A ball python (D:4)
  8 giant cockroaches
  2 goblins
  4 hobgoblins
  9 jackals
  4 quokkas
  A ball python skeleton (D:4)
  6 bats
  4 frilled lizards
  3 goblin zombies (Ossuary)
  3 hobgoblin zombies
  26 kobolds
  A kobold zombie (D:4)
  3 quokka zombies (Ossuary)
  6 rats
  2 rat zombies (Ossuary)
  A plant (D:8)
774 creatures vanquished.

Vanquished Creatures (collateral kills)
  A minotaur (Gauntlet)
  An ettin (D:11)
  3 hydras
  An ice dragon (D:11)
  Sonja (Lair:1)
  A minotaur zombie (Gauntlet)
8 creatures vanquished.

Vanquished Creatures (others)
  5 dream sheep (D:6)
  A human (D:8)
  An adder (D:5)
  6 fungi
  9 plants (Lair:6)
  3 withered plants (Gauntlet)
25 creatures vanquished.

Grand Total: 807 creatures vanquished

Notes
Turn   | Place    | Note
-------+----------+-------------------------------------------
     0 | D:1      | Firecrotchwizard the Minotaur Berserker began the quest for
                  | the Orb.
     0 | D:1      | Reached XP level 1. HP: 19/19 MP: 0/0
   265 | D:1      | Reached XP level 2. HP: 27/27 MP: 1/1
   273 | D:1      | Reached skill level 4 in Long Blades
   994 | D:2      | Reached XP level 3. HP: 33/33 MP: 2/2
  1059 | D:2      | Reached skill level 4 in Fighting
  1059 | D:2      | Reached skill level 3 in Armour
  1211 | D:2      | Found an ornate altar of the Wu Jian Council.
  1264 | D:2      | Found a stormy altar of Qazlal.
  1264 | D:2      | Noticed an air elemental
  1266 | D:2      | Noticed a water elemental
  1267 | D:2      | Noticed a fire elemental
  1267 | D:2      | Noticed an earth elemental
  1364 | D:2      | Found a faded altar of an unknown god.
  1485 | D:3      | Reached ** piety under Trog
  1735 | D:3      | Reached XP level 4. HP: 40/40 MP: 3/3
  1771 | D:3      | Found a sparkling altar of Nemelex Xobeh.
  1837 | D:3      | Reached skill level 5 in Long Blades
  1837 | D:3      | Reached skill level 3 in Dodging
  1907 | D:3      | Found a shattered altar of Ashenzari.
  2068 | D:3      | Found a snail-covered altar of Cheibriados.
  2188 | D:3      | Reached XP level 5. HP: 44/47 MP: 4/4
  2190 | D:3      | Reached *** piety under Trog
  2712 | D:4      | Reached skill level 4 in Armour
  2712 | D:4      | Reached XP level 6. HP: 51/55 MP: 5/5
  2729 | D:4      | Reached skill level 5 in Fighting
  2729 | D:4      | Reached skill level 6 in Long Blades
  2740 | D:4      | Noticed Natasha
  2745 | D:4      | Killed Natasha
  2752 | D:4      | Noticed Natasha
  2761 | D:4      | Killed Natasha
  2801 | D:4      | Found a sand-covered staircase.
  2808 | Ossuary  | Entered an ossuary
  2846 | Ossuary  | Reached **** piety under Trog
  2846 | Ossuary  | Reached skill level 4 in Dodging
  2959 | Ossuary  | Reached XP level 7. HP: 50/61 MP: 6/6
  2976 | Ossuary  | HP: 11/61 [ogre zombie (6)]
  3285 | D:4      | Reached skill level 7 in Long Blades
  3587 | D:4      | Found Qoss's Food Shoppe.
  3588 | D:4      | Noticed Natasha
  3596 | D:4      | Killed Natasha
  3596 | D:4      | Reached skill level 5 in Armour
  3774 | D:4      | Reached skill level 6 in Fighting
  4035 | D:5      | Entered Level 5 of the Dungeon
  4158 | D:5      | Found a radiant altar of Vehumet.
  4199 | D:5      | Found a stormy altar of Qazlal.
  4249 | D:5      | Reached XP level 8. HP: 46/70 MP: 7/7
  4251 | D:5      | Reached skill level 8 in Long Blades
  4251 | D:5      | Reached skill level 5 in Dodging
  4481 | D:5      | Reached ***** piety under Trog
  4576 | D:5      | Found a glowing silver altar of Zin.
  4624 | D:5      | Noticed Ijyb
  4634 | D:5      | Received a gift from Trog
  4638 | D:5      | Killed Ijyb
  4720 | D:5      | Found a staircase to the Ecumenical Temple.
  5326 | D:6      | Found Zaerowau's Antique Weapon Boutique.
  5476 | D:6      | Found a basalt altar of Yredelemnul.
  5515 | D:6      | Reached skill level 6 in Armour
  5570 | D:6      | Reached skill level 9 in Long Blades
  5647 | D:6      | Noticed a queen bee
  5657 | D:6      | Found a transporter.
  5661 | D:6      | Found a transporter.
  5730 | D:6      | Noticed a dream sheep
  5730 | D:6      | Noticed a dream sheep
  5730 | D:6      | Noticed a dream sheep
  5730 | D:6      | Noticed a dream sheep
  5730 | D:6      | Noticed a dream sheep
  5730 | D:6      | Found a shimmering altar of Xom.
  5735 | D:6      | Killed a dream sheep
  5735 | D:6      | Killed a dream sheep
  5735 | D:6      | Killed a dream sheep
  5735 | D:6      | Killed a dream sheep
  5737 | D:6      | Killed a dream sheep
  5739 | D:6      | Noticed SkeletonJelly's ghost (novice DDFi)
  5798 | D:6      | Found a glowing golden altar of the Shining One.
  5810 | D:6      | Reached skill level 7 in Fighting
  6070 | D:6      | Found a deep blue altar of Sif Muna.
  6189 | D:6      | Found a blossoming altar of Fedhas.
  6210 | D:6      | Noticed an oklob plant
  6824 | D:7      | Received a gift from Trog
  6828 | D:7      | Reached skill level 6 in Dodging
  6852 | D:7      | You fall through a shaft for 2 floors!
  6871 | D:9      | Reached XP level 9. HP: 74/79 MP: 7/8
  7060 | D:9      | Reached skill level 10 in Long Blades
  7060 | D:9      | Reached skill level 7 in Armour
  7093 | D:9      | Reached skill level 8 in Fighting
  7327 | D:9      | Reached skill level 7 in Dodging
  7646 | D:9      | Found Poletem's Antique Weapon Boutique.
  7654 | D:9      | Bought a glowing scimitar for 189 gold pieces
  7707 | D:9      | Noticed a queen bee
  7722 | D:8      | Reached skill level 11 in Long Blades
  7754 | D:8      | Found an opulent altar of Gozag.
  7806 | D:7      | Reached skill level 8 in Armour
  7907 | D:7      | Reached XP level 10. HP: 90/90 MP: 9/9
  8690 | D:8      | Noticed a two-headed ogre
  8699 | D:8      | Killed a two-headed ogre
  8699 | D:8      | Reached skill level 9 in Fighting
  8901 | D:8      | Found an ancient bone altar of Kikubaaqudgha.
  8917 | D:8      | Found a staircase to the Lair.
  8940 | D:8      | Reached skill level 12 in Long Blades
  8940 | D:8      | Reached skill level 8 in Dodging
  9175 | Lair:1   | Entered Level 1 of the Lair of Beasts
  9202 | Lair:1   | Noticed Sonja
  9210 | Lair:1   | Killed Sonja
  9253 | Lair:1   | Noticed a spiny frog
  9259 | Lair:1   | Killed a spiny frog
  9259 | Lair:1   | Reached skill level 9 in Armour
  9367 | Lair:1   | Noticed a spiny frog
  9373 | Lair:1   | Killed a spiny frog
  9605 | Lair:1   | Noticed a spiny frog
  9610 | Lair:1   | Killed a spiny frog
  9859 | Lair:1   | Reached XP level 11. HP: 87/99 MP: 10/10
  9890 | Lair:1   | Got a translucent cloak
  9941 | Lair:1   | Identified the +0 cloak of Xasoe {MR+ Dex+4} (You found it
                  | on level 1 of the Lair of Beasts)
  9951 | Lair:1   | Reached skill level 13 in Long Blades
 10085 | Lair:1   | Reached skill level 10 in Fighting
 10112 | Lair:1   | Reached skill level 9 in Dodging
 10846 | Lair:2   | Reached skill level 10 in Armour
 10877 | Lair:2   | Noticed a seven-headed hydra
 10890 | Lair:2   | Killed a 13-headed hydra
 10893 | Lair:2   | Reached skill level 14 in Long Blades
 11370 | Lair:2   | You fall through a shaft!
 11720 | Lair:2   | Reached skill level 11 in Fighting
 11999 | Lair:2   | Reached XP level 12. HP: 99/110 MP: 11/11
 12075 | Lair:2   | You fall through a shaft for 2 floors!
 12096 | Lair:4   | Reached skill level 10 in Dodging
 12098 | Lair:4   | Reached ****** piety under Trog
 12347 | Lair:4   | Received a gift from Trog
 12740 | Lair:2   | Reached skill level 11 in Armour
 12819 | Lair:2   | Reached skill level 15 in Long Blades
 13063 | Lair:2   | Upgraded the game from 0.23-a0-730-g0b75920 to
                  | 0.23-a0-767-gdc19b93
 13657 | Lair:3   | Found a staircase to the Shoals.
 13944 | Lair:3   | Received a gift from Trog
 14311 | Lair:4   | Noticed a death yak
 14311 | Lair:4   | Noticed a death yak
 14336 | Lair:4   | Noticed a death yak
 14353 | Lair:4   | Killed a death yak
 14360 | Lair:4   | Killed a death yak
 14360 | Lair:4   | Reached skill level 12 in Fighting
 14361 | Lair:4   | Killed a death yak
 14668 | Lair:4   | Reached skill level 16 in Long Blades
 14672 | Lair:4   | Reached skill level 11 in Dodging
 14859 | Lair:4   | Found a hole to the Spider Nest.
 14866 | Lair:4   | Reached XP level 13. HP: 118/118 MP: 12/12
 14961 | Lair:4   | Reached skill level 12 in Armour
 15392 | Lair:5   | Received a gift from Trog
 15453 | Lair:5   | Got a crude chain mail
 15462 | Lair:5   | Identified the +1 chain mail of the Endless Wars {rF++ rC-
                  | Int+5} (You found it on level 5 of the Lair of Beasts)
 16040 | Lair:5   | Found a viscous altar of Jiyva.
 16040 | Lair:5   | Found a staircase to the Slime Pits.
 16224 | Lair:6   | Entered Level 6 of the Lair of Beasts
 17224 | Lair:6   | Reached skill level 17 in Long Blades
 17450 | Lair:6   | Reached skill level 13 in Fighting
 17515 | Lair:6   | Received a gift from Trog
 17615 | Lair:6   | Noticed a fire dragon
 17638 | Lair:6   | Killed a fire dragon
 17702 | Lair:6   | HP: 22/122 [swamp dragon/blast of poison (13)]
 18781 | D:10     | Entered Level 10 of the Dungeon
 18816 | D:10     | Reached skill level 12 in Dodging
 19101 | D:10     | Reached skill level 13 in Armour
 19116 | D:10     | Received a gift from Trog
 19119 | D:10     | Found a roughly hewn altar of Beogh.
 19780 | D:11     | Found a staircase to the Orcish Mines.
 19789 | D:11     | Found a roughly hewn altar of Beogh.
 19841 | D:11     | Found a gate leading to a gauntlet.
 19848 | Gauntlet | Entered a Gauntlet
 19848 | Gauntlet | Found a transporter.
 19848 | Gauntlet | Found a transporter.
 19851 | Gauntlet | Found a transporter.
 19851 | Gauntlet | Found a transporter.
 19855 | Gauntlet | Found a transporter.
 19855 | Gauntlet | Found a transporter.
 19889 | Gauntlet | Found a transporter.
 19893 | Gauntlet | Found a transporter.
 19904 | Gauntlet | Found a transporter.
 19914 | Gauntlet | Noticed a cacodemon
 19917 | Gauntlet | Found a transporter.
 20075 | Gauntlet | Found a transporter.
 20076 | Gauntlet | Found a transporter.
 20132 | Gauntlet | Reached XP level 14. HP: 96/129 MP: 13/13
 20146 | Gauntlet | Got a fine marble ring
 20147 | Gauntlet | Identified the ring "Giffewa" {Str+3 Dex+4 Stlth+} (You
                  | found it in a Gauntlet)
 20162 | Gauntlet | Identified the +8 mace of Lusal {flame, rC+}
 20188 | Gauntlet | HP: 31/129 [minotaur zombie (16)]
 20438 | Gauntlet | Got a wavering copper ring
 20442 | Gauntlet | Identified the ring of Hepliaklqana's Delight {+Fly Int+3
                  | Dex+5 Stlth-} (You found it in a Gauntlet)
 20585 | D:11     | Reached skill level 1 in Shields
 20588 | D:11     | Noticed a fire giant
 20604 | D:11     | HP: 29/129 [fire giant/+1 great sword of flaming (21)]
 20614 | D:11     | Killed a fire giant
 20617 | D:11     | Reached skill level 2 in Shields
 20618 | D:11     | Reached skill level 18 in Long Blades
 20622 | D:11     | Noticed a frost giant
 20623 | D:11     | Found the +8 lance "Wyrmbane" {slay drac, rPois rF+ rC+
                  | AC+3}
 20633 | D:11     | HP: 31/129 [frost giant/+0 battleaxe of freezing (11)]
 20634 | D:11     | Killed a frost giant
 20696 | D:11     | HP: 7/130 [ice dragon/blast of cold (44)]
 21093 | D:10     | meem: I am meem, an upgrade of beem built by MalcolmRose
                  | (check out Malcolm's DCSS vids and other projects at
                  | http://youtube.com/malcolmrosegaming). To have me follow
                  | you in your games, type !subscribemeem - to make me go away
                  | forever, type !quitmeem - For help, type: !meem
 21134 | D:11     | Reached skill level 3 in Shields
 21268 | D:11     | Got a clouded ruby amulet
 21274 | D:11     | Identified the amulet of Ilimehole {Acrobat MP+9 Int+4}
                  | (You found it on level 11 of the Dungeon)
 21976 | D:12     | Found Qoeru's Food Emporium.
 22155 | D:12     | Found a runed gate.
 22156 | D:12     | Found a runed gate.
 22156 | D:12     | Found a runed gate.
 22163 | D:12     | Noticed Foxy's ghost (journeyman DsFi)
 22389 | D:12     | Reached skill level 14 in Fighting
 22550 | D:13     | Found a frozen archway.
 22569 | IceCv    | Entered an ice cave
 22570 | IceCv    | Found a transporter.
 22602 | IceCv    | Found a transporter.
 22621 | IceCv    | Got a warped bronze ring
 22622 | IceCv    | Identified the cursed ring of Teulust {Int-3 Slay+3} (You
                  | found it in an ice cave)
 22796 | D:13     | Reached skill level 19 in Long Blades
 22989 | D:13     | Found a gate to the Vaults.
 23262 | D:14     | Received a gift from Trog
 23328 | D:14     | Reached XP level 15. HP: 139/139 MP: 14/14
 23783 | D:14     | Reached skill level 15 in Fighting
 23909 | Orc:1    | Entered Level 1 of the Orcish Mines
 24224 | Orc:2    | Entered Level 2 of the Orcish Mines
 24228 | Orc:2    | Found a roughly hewn altar of Beogh.
 24297 | Orc:2    | Found Libb's Food Emporium.
 24314 | Orc:2    | Paralysed by an orc sorcerer for 5 turns
 24318 | Orc:2    | Gained mutation: You expend magic power (3 MP) to
                  | strengthen your wands. [a neqoxec]
 24319 | Orc:2    | HP: 33/141 [orc sorcerer/bolt of negative energy (21)]
 24319 | Orc:2    | HP: 6/141 [orc sorcerer/bolt of fire (27)]
 24320 | Orc:2    | Mangled by a sun demon

Vault maps used:
D:1:      lightli_arrival_quake, minmay_misc_feat_cross, moated_statue
D:2:      nicolae_overflow_crystal_walls, chequers_ecumenical_altar_grove,
          nicolae_qazlal_style_of_elements
D:3:      overflow_temple_1_default, kennysheep_slug_shrine, ashenzari_altar_1,
          first_ration
D:4:      portal_sewer_entry_a, serial_shops, nicolae_shop_waterfront,
          nicolae_ossuary_entry_giza, uniq_natasha
D:5:      fiery_altar_vehumet, lemuel_crystal_altar, marbit_many_paths,
          minmay_temple_entry_overgrown, uniq_ijyb
D:6:      lemuel_crystal_altar, kennysheep_mini_moat, lemuel_crystal_altar,
          tgw_fedhas, kb_xom_exploding_sheep, serial_shops,
          nicolae_shop_crystal, gammafunk_ghost_hive, minmay_stone_trees_small
D:8:      overflow_temple_1_default, david_lair_shrubbed, tgw_kikubaaqudgha
D:9:      serial_shops, shop, david_nohive_1
D:10:     minmay_flawed_box, special_room
D:11:     minmay_tile_spiral, minmay_orc_entry_temple_small,
          gauntlet_entry_generic, serial_bayou_pond_a
D:12:     ebering_ghost_rock_garden, serial_shops, shop
D:13:     david_vaults_4, portal_ice_cave_entry_imps,
          kennysheep_decorative_pillar, onia_ninara_dug_in_and_dangerous
D:14:     infiniplex_staircase_pillars_1
Lair:1:   uniq_sonja
Lair:2:   regret_index_combs_of_tragedy, grunt_megastairs_2
Lair:3:   minmay_shoals_entry_centaurs
Lair:4:   spider_nest_entry_webs
Lair:5:   dpeg_slime_entry_enclosed_altar, lemuel_fruit_fields
Lair:6:   hangedman_lair_tendril_chambers, guppyfry_lair_end_dragon
Orc:1:    nicolae_orc_stony_grotto, trog_butcher_becter
Orc:2:    st_orc_mages, serial_shops, shop, mines2_david
Ossuary:  ossuary_boxes_badplayer
IceCv:    ice_cave_statue_garden_transporter
Gauntlet: minmay_gauntlet_77_indecision

Skill      XL: |  1  2  3  4  5  6  7  8  9 10 11 12 13 14 15 |
---------------+----------------------------------------------+-----
Long Blades    | 4 5 6 7 9 11 12 14 16 17 19 | 19.9
Fighting       | 4 5 6 7 8 9 11 12 13 14 15 | 15.1
Armour         | 3 4 5 6 8 9 10 11 13 | 13.7
Dodging        | 3 4 6 7 8 9 11 12 | 12.3
Shields        | 3 |  3.6

Action                   |  1- 3 |  4- 6 |  7- 9 | 10-12 | 13-15 || total
-------------------------+-------+-------+-------+-------+-------++-------
Melee: Falchion          |    65 |    12 |       |       |       ||    77
       Headbutt          |    18 |    34 |    80 |   150 |   244 ||   526
       Long sword        |       |   140 |   347 |       |       ||   487
       Great sword       |       |       |     1 |       |     3 ||     4
       Scimitar          |       |       |    43 |   527 |   309 ||   879
       Triple sword      |       |       |       |       |   350 ||   350
       Demon blade       |       |       |       |       |   172 ||   172
Throw: Throwing net      |       |       |       |     1 |       ||     1
Invok: Berserk           |       |       |     3 |     4 |     2 ||     9
       Trog's Hand       |       |       |     2 |       |     2 ||     4
       Brothers in Arms  |       |       |       |     2 |     5 ||     7
Evoke: Wand              |       |       |       |     1 |    11 ||    12
  Use: Scroll            |     2 |       |    10 |    19 |    20 ||    51
       Potion            |       |       |     2 |       |     9 ||    11
  Eat: Chunk             |     3 |     4 |    13 |    17 |    15 ||    52
       Ration            |       |       |     2 |     3 |     7 ||    12
Armor: Animal skin       |    17 |       |       |       |       ||    17
       Chain mail        |     4 |    82 |   191 |   228 |   289 ||   794
Dodge: Dodged            |    45 |    66 |   211 |   270 |   649 ||  1241
Block: Buckler           |       |       |       |    62 |    63 ||   125
       Rpst.: Falchion   |    14 |     1 |       |       |       ||    15
       Long sword        |       |    14 |    55 |       |       ||    69
       Scimitar          |       |       |     7 |    81 |    40 ||   128
       Triple sword      |       |       |       |       |    81 ||    81
       Demon blade       |       |       |       |       |    18 ||    18

Table legend:
 A = Non-vault XP
 B = Vault XP
 C = Vault XP percentage of total XP
 D = Non-vault monster count
 E = Vault monster count
 F = Vault count percentage of total count
                 A         B        C        D         E       F
            +---------+---------+-------+---------+---------+-------
      Total |   66785 |   47127 |  41.4 |     509 |     272 |  34.8
            +---------+---------+-------+---------+---------+-------
        D:1 |      34 |       0 |   0.0 |      17 |       0 |   0.0
        D:2 |      31 |       0 |   0.0 |      10 |       0 |   0.0
        D:3 |     193 |       4 |   2.0 |      44 |       1 |   2.2
        D:4 |     490 |      93 |  16.0 |      20 |      12 |  37.5
        D:5 |     575 |      36 |   5.9 |      20 |       1 |   4.8
        D:6 |     527 |       0 |   0.0 |      17 |       0 |   0.0
        D:7 |    1243 |       0 |   0.0 |      39 |       0 |   0.0
        D:8 |    1609 |     361 |  18.3 |      23 |       1 |   4.2
        D:9 |    2146 |    1023 |  32.3 |      27 |      13 |  32.5
       D:10 |    2005 |     913 |  31.3 |      21 |      35 |  62.5
       D:11 |    3464 |   10869 |  75.8 |      14 |      30 |  68.2
       D:12 |    4693 |       0 |   0.0 |      43 |       0 |   0.0
       D:13 |    7169 |    3858 |  35.0 |      31 |      17 |  35.4
       D:14 |   11708 |       0 |   0.0 |      43 |       0 |   0.0
     Lair:1 |    5441 |     686 |  11.2 |      31 |       1 |   3.1
     Lair:2 |    5583 |    7224 |  56.4 |      24 |      48 |  66.7
     Lair:3 |    2584 |     450 |  14.8 |      13 |       4 |  23.5
     Lair:4 |    8878 |     674 |   7.1 |      24 |       3 |  11.1
     Lair:5 |    3557 |       0 |   0.0 |      12 |       0 |   0.0
     Lair:6 |    1887 |   12932 |  87.3 |      15 |      49 |  76.6
      Orc:1 |    1010 |       0 |   0.0 |       4 |       0 |   0.0
      Orc:2 |    1958 |     151 |   7.2 |      17 |       6 |  26.1
    Ossuary |       0 |     355 | 100.0 |       0 |      23 | 100.0
      IceCv |       0 |    2860 | 100.0 |       0 |      10 | 100.0
   Gauntlet |       0 |    4638 | 100.0 |       0 |      18 | 100.0
            +---------+---------+-------+---------+---------+-------

Vault maps used:
D:1:      lightli_arrival_quake, minmay_misc_feat_cross, moated_statue
D:2:      nicolae_overflow_crystal_walls, chequers_ecumenical_altar_grove,
          nicolae_qazlal_style_of_elements
D:3:      overflow_temple_1_default, kennysheep_slug_shrine, ashenzari_altar_1,
          first_ration
D:4:      portal_sewer_entry_a, serial_shops, nicolae_shop_waterfront,
          nicolae_ossuary_entry_giza, uniq_natasha
D:5:      fiery_altar_vehumet, lemuel_crystal_altar, marbit_many_paths,
          minmay_temple_entry_overgrown, uniq_ijyb
D:6:      lemuel_crystal_altar, kennysheep_mini_moat, lemuel_crystal_altar,
          tgw_fedhas, kb_xom_exploding_sheep, serial_shops,
          nicolae_shop_crystal, gammafunk_ghost_hive, minmay_stone_trees_small
D:8:      overflow_temple_1_default, david_lair_shrubbed, tgw_kikubaaqudgha
D:9:      serial_shops, shop, david_nohive_1
D:10:     minmay_flawed_box, special_room
D:11:     minmay_tile_spiral, minmay_orc_entry_temple_small,
          gauntlet_entry_generic, serial_bayou_pond_a
D:12:     ebering_ghost_rock_garden, serial_shops, shop
D:13:     david_vaults_4, portal_ice_cave_entry_imps,
          kennysheep_decorative_pillar, onia_ninara_dug_in_and_dangerous
D:14:     infiniplex_staircase_pillars_1
Lair:1:   uniq_sonja
Lair:2:   regret_index_combs_of_tragedy, grunt_megastairs_2
Lair:3:   minmay_shoals_entry_centaurs
Lair:4:   spider_nest_entry_webs
Lair:5:   dpeg_slime_entry_enclosed_altar, lemuel_fruit_fields
Lair:6:   hangedman_lair_tendril_chambers, guppyfry_lair_end_dragon
Orc:1:    nicolae_orc_stony_grotto, trog_butcher_becter
Orc:2:    st_orc_mages, serial_shops, shop, mines2_david
Ossuary:  ossuary_boxes_badplayer
IceCv:    ice_cave_statue_garden_transporter
Gauntlet: minmay_gauntlet_77_indecision

Table legend:
 A = Turns spent in this place as a percentage of turns spent in the entire game.
 B = Non-inter-level travel turns spent in this place as a percentage of non-inter-level travel turns spent in the entire game.
 C = Inter-level travel turns spent in this place as a percentage of turns spent in this place.
 D = Turns resting spent in this place as a percentage of non-inter-level travel turns spent in this place.
 E = Turns spent auto-exploring this place as a percentage of non-inter-level travel turns spent in this place.
 F = Non-inter-level travel turns spent in this place divided by the number of levels of this place that you've seen.
                   A       B       C       D       E      F
               +-------+-------+-------+-------+-------+----------------------
         Total | 100.0 | 100.0 |   4.3 |  26.1 |  52.2 | 931.1
       Dungeon |  56.2 |  55.6 |   5.2 |  21.2 |  58.7 | 924.9
          Lair |  37.7 |  38.1 |   3.4 |  32.9 |  46.4 | 1476.5
  Orcish Mines |   1.7 |   1.7 |   4.1 |   0.0 |  77.2 | 197.0
       Ossuary |   1.7 |   1.7 |   0.0 |  34.4 |  32.2 | 404.0
      Ice Cave |   0.3 |   0.3 |   0.0 |   0.0 |   6.8 |  73.0
      Gauntlet |   2.5 |   2.6 |   0.0 |  45.5 |   0.0 | 600.0
               +-------+-------+-------+-------+-------+----------------------

Table legend:
 A = Kills in this place as a percentage of kills in entire the game.
 B = Kills by you in this place as a percentage of kills by you in the entire game.
 C = Kills by friends in this place as a percentage of kills by friends in the entire game.
 D = Other kills in this place as a percentage of other kills in the entire game.
 E = Experience gained in this place as a percentage of experience gained in the entire game.
 F = Experience gained in this place divided by the number of levels of this place that you have seen.
                   A       B       C       D       E      F
               +-------+-------+-------+-------+-------+----------------------
         Total | 100.0 | 100.0 | 100.0 |   N/A | 100.0 | 4556.5
       Dungeon |  61.3 |  61.4 |  50.0 |   N/A |  46.6 | 3788.9
          Lair |  28.7 |  28.7 |  25.0 |   N/A |  43.8 | 8316.0
  Orcish Mines |   3.5 |   3.5 |   0.0 |   N/A |   2.7 | 1559.5
       Ossuary |   2.9 |   3.0 |   0.0 |   N/A |   0.3 | 355.0
      Ice Cave |   1.3 |   1.3 |   0.0 |   N/A |   2.5 | 2860.0
      Gauntlet |   2.3 |   2.1 |  25.0 |   N/A |   4.1 | 4638.0
               +-------+-------+-------+-------+-------+----------------------
